 Dungeon Crawl Stone Soup version 0.21-a0-509-gecc5317 (webtiles) character file.

17949 Laiders the Severer (level 12, -6/156 HPs)
             Began as a Minotaur Fighter on Nov 29, 2017.
             Was a High Priest of Okawaru.
             Mangled by an elephant (7 damage)
             ... on level 3 of the Lair of Beasts.
             The game lasted 00:28:53 (10661 turns).

Laiders the Severer (Minotaur Fighter)             Turns: 10661, Time: 00:28:54

Health: -6/156     AC: 26    Str: 34    XL:     12   Next: 23%
Magic:  15/15      EV:  2    Int:  3    God:    Okawaru [*****.]
Gold:   377        SH:  0    Dex:  9    Spells: 11/11 levels left

rFire    + . .     SeeInvis +   D - +5 war axe of Makhleb's Whim {speed, rC++ Str+9 Int-2 Dex-2}
rCold    + + .     Gourm    .   (no shield)
rNeg     + + +     Faith    .   (armour currently unavailable)
rPois    +         Spirit   .   (helmet currently unavailable)
rElec    .         Reflect  .   (cloak currently unavailable)
rCorr    .         Harm     .   (gloves currently unavailable)
MR       .....     NoTele   +   (boots currently unavailable)
Stlth    +.........             (no amulet)
HPRegen  0.36/turn              I - ring of protection from fire
MPRegen  0.14/turn              e - ring of see invisible

@: tree-form
A: (retaliatory headbutt)
a: Heroism, Finesse, Renounce Religion


You were on level 3 of the Lair of Beasts.
You worshipped Okawaru.
Okawaru was extremely pleased with you.
You were not hungry.
You were a tree.
You visited 3 branches of the dungeon, and saw 12 of its levels.

You collected 697 gold pieces.
You spent 320 gold pieces at shops.

Inventory:

Hand Weapons
 a - a +0 flail
 D - the +5 war axe of Makhleb's Whim (weapon) {speed, rC++ Str+9 Int-2 Dex-2}
   (You found it on level 4 of the Dungeon)

   Attacks with this weapon are significantly faster.
   It affects your strength (+9).
   It affects your intelligence (-2).
   It affects your dexterity (-2).
   It greatly protects you from cold.
Missiles
 S - 7 tomahawks (quivered)
Armour
 c - a +0 shield
 g - a +2 cloak (melded)
 F - a +2 chain mail of poison resistance (melded)
 Q - a +1 pair of gloves of archery (melded)
Jewellery
 e - a ring of see invisible (right branch)
 i - an uncursed ring of resist corrosion
 u - an uncursed ring of protection from cold
 I - a ring of protection from fire (left branch)
 P - an uncursed ring of protection from cold
Wands
 o - a wand of iceblast (9)
 t - a wand of digging (26)
 y - a wand of flame (16)
 K - a wand of acid (9)
 N - a wand of enslavement (2)
 R - a wand of paralysis (9)
Scrolls
 b - a scroll of amnesia
 h - 7 scrolls of remove curse
 r - 2 scrolls of magic mapping
 s - a scroll of blinking {unknown}
 B - 3 scrolls of immolation {unknown}
 E - 5 scrolls of identify
 H - 3 scrolls of enchant armour
 J - 4 scrolls of teleportation {unknown}
 L - a scroll of fear {unknown}
 O - a scroll of acquirement {unknown}
Potions
 j - a potion of flight
 k - a potion of resistance {unknown}
 l - 5 potions of curing
 m - a potion of berserk rage {unknown}
 n - a potion of cancellation {unknown}
 p - 2 potions of mutation
 v - 2 potions of agility
 x - a potion of ambrosia {unknown}
 z - 3 potions of lignification
 A - 2 potions of haste
 C - 2 potions of brilliance
Books
 d - a Young Poisoner's Handbook

   Spells                             Type                      Level
   a - Sting                          Conjuration/Poison           1
   b - Poisonous Vapours              Poison/Air                   2
   c - Mephitic Cloud                 Conjuration/Poison/Air       3
   d - Olgreb's Toxic Radiance        Poison                       4
   e - Venom Bolt                     Conjuration/Poison           5
 G - a book of Party Tricks

   Spells                             Type                      Level
   a - Summon Butterflies             Summoning                    1
   b - Apportation                    Translocation                1
   c - Lesser Beckoning               Translocation                3
   d - Tukima's Dance                 Hexes                        3
   e - Alistair's Intoxication        Transmutation/Poison         5
   f - Invisibility                   Hexes                        6
Comestibles
 f - 7 bread rations
 q - 7 meat rations
 w - 6 fruits
 M - a royal jelly
 T - 20 chunks of flesh


   Skills:
 + Level 9.0 Fighting
 - Level 15.3(16.1) Axes
 - Level 9.1(13.2) Maces & Flails
 + Level 9.0 Armour
 - Level 3.6 Shields
 - Level 6.0 Invocations
 - Level 6.0 Evocations


You had 11 spell levels left.
You didn't know any spells.

Dungeon Overview and Level Annotations

Branches:
Dungeon (8/15)             Temple (1/1) D:7            Lair (3/6) D:8
  Swamp (0/4) Lair:2        Snake (0/4) Lair:3

Altars:
Ashenzari
Cheibriados
Dithmenos
Elyvilon
Gozag
Hepliaklqana
Makhleb
Nemelex Xobeh
Okawaru
Qazlal
Uskayaw
Yredelemnul

Shops:
D:4 !   D:6 !([((   D:8 !


Innate Abilities, Weirdness & Mutations

((You reflexively headbutt those who attack you in melee.))
((You have a pair of horns on your head.))


Message History

The elephant tramples you but does no damage.
The elephant trunk-slaps you but does no damage.
The elephant tramples you but does no damage.
The elephant trunk-slaps you but does no damage.
The elephant tramples you but does no damage.
The elephant trunk-slaps you but does no damage.
You slash the elephant!
The elephant is almost dead.
You slash the elephant! You barely miss the elephant.
The elephant tramples you but does no damage.
The elephant trunk-slaps you but does no damage.
The elephant tramples you but does no damage.
The elephant trunk-slaps you but does no damage.
As you read the scroll labeled QASIEC GUUSK, it crumbles to dust.
You feel aware of your surroundings.
It was a scroll of magic mapping.
The elephant tramples you.
* * * LOW HITPOINT WARNING * * *
The elephant trunk-slaps you but does no damage.
The elephant tramples you!
You die...

,,,*,*,,,..P..P,,,,,,,*.....,....
,,,****,,PP...PP,,,,**♣.....,....
,,,,****,*♣...P♣***,*♣......,...P
,,,,,*♣♣♣♣♣...P♣♣♣♣♣♣.......,...P
,,,,,,..........................#
,,,,,,...........................
,,,,,,..........Y................
,,,,,...[......YYY...............
*,,*,..........#♣#####P..........
*,,*,.#........### #P.........#
,,............## #...........
,,.............# *#.........#
,,##..........## #..........
,,............# #..........
,,..........÷.## ##........#
,,.............## ##P.#.......
,,..............######...........


You could see 4 elephants.

Vanquished Creatures
  A dire elephant (Lair:3)
  2 hydras
  7 elephants (Lair:3)
  Maurice (D:8)
  A guardian serpent (Lair:3)
  A torpor snail (Lair:3)
  A black mamba (Lair:2)
  A rime drake (Lair:3)
  2 spiny frogs (Lair:2)
  6 komodo dragons
  8 blink frogs (Lair:1)
  3 hippogriffs
  4 dream sheep (Lair:3)
  A wyvern (Lair:1)
  5 yaks
  A basilisk (D:8)
  A hungry ghost (D:8)
  Grum (D:8)
  5 water moccasins
  5 porcupines
  A sky beast (D:8)
  2 ice beasts
  A black bear (D:8)
  2 phantoms (D:7)
  3 ogres
  A necrophage (D:7)
  5 centaurs
  10 wolves
  6 crocodiles
  7 bullfrogs
  A water moccasin skeleton (D:8)
  7 wights
  2 centaur zombies
  3 jellies
  2 crimson imps
  2 hounds
  9 orc wizards
  5 orc priests
  Jessica (D:2)
  3 iguanas (D:8)
  Terence (D:3)
  Ijyb (D:5)
  8 worker ants
  A killer bee zombie (D:7)
  A hound zombie (D:5)
  Robin (D:2)
  A worker ant zombie (D:7)
  8 gnolls
  A howler monkey skeleton (D:6)
  6 adders
  A shadow imp (D:6)
  An adder skeleton (D:7)
  4 worms
  7 dart slugs
  3 leopard geckos
  30 orcs
  10 bats
  10 giant cockroaches
  20 goblins
  9 hobgoblins
  10 jackals
  2 quokkas
  A ball python (D:1)
  4 frilled lizards
  8 kobolds
  2 quokka skeletons
  6 rats
287 creatures vanquished.

Vanquished Creatures (others)
  14 fungi
  4 plants
18 creatures vanquished.

Grand Total: 305 creatures vanquished

Notes
Turn   | Place    | Note
-------+----------+-------------------------------------------
     0 | D:1      | Laiders the Minotaur Fighter began the quest for the Orb.
     0 | D:1      | Reached XP level 1. HP: 19/19 MP: 0/0
   199 | D:1      | Reached XP level 2. HP: 26/26 MP: 1/1
   704 | D:1      | Reached XP level 3. HP: 13/31 MP: 2/2
  1269 | D:2      | Reached skill level 5 in Maces & Flails
  1606 | D:2      | Reached XP level 4. HP: 39/39 MP: 3/3
  1622 | D:2      | Noticed Robin
  1640 | D:2      | Killed Robin
  1682 | D:2      | Noticed Jessica
  1689 | D:2      | Killed Jessica
  1700 | D:2      | Reached XP level 5. HP: 41/45 MP: 4/4
  1952 | D:3      | Noticed Terence
  1963 | D:3      | Killed Terence
  2517 | D:3      | Reached XP level 6. HP: 41/51 MP: 5/5
  2732 | D:3      | Found a shadowy altar of Dithmenos.
  2733 | D:3      | Found a white marble altar of Elyvilon.
  2735 | D:3      | Found a hide-covered altar of Uskayaw.
  2737 | D:3      | Found a stormy altar of Qazlal.
  2737 | D:3      | Found an opulent altar of Gozag.
  2738 | D:3      | Found a hazy altar of Hepliaklqana.
  3200 | D:4      | Found Segamm's Distillery.
  3229 | D:4      | Bought a potion of lignification for 36 gold pieces
  3229 | D:4      | Bought a potion of haste for 120 gold pieces
  3229 | D:4      | Bought a potion of heal wounds for 60 gold pieces
  3360 | D:4      | Got a translucent war axe
  3369 | D:4      | Identified the +5 war axe of Makhleb's Whim {speed, rC++ Str+9 Int-2 Dex-2} (You found it on level 4 of the Dungeon)
  3385 | D:4      | Reached skill level 1 in Axes
  3385 | D:4      | Reached XP level 7. HP: 53/57 MP: 6/6
  3391 | D:4      | Reached skill level 2 in Axes
  3562 | D:4      | Reached skill level 3 in Axes
  3699 | D:4      | Found a shattered altar of Ashenzari.
  3784 | D:5      | Entered Level 5 of the Dungeon
  3853 | D:5      | Reached skill level 4 in Axes
  3949 | D:5      | Reached skill level 5 in Axes
  3958 | D:5      | Reached skill level 6 in Axes
  3999 | D:5      | Reached XP level 8. HP: 30/64 MP: 7/7
  4171 | D:5      | Noticed Ijyb
  4178 | D:5      | Reached skill level 7 in Axes
  4182 | D:5      | Killed Ijyb
  4330 | D:6      | Found Jaizoimp's Weapon Boutique.
  4384 | D:6      | Reached skill level 8 in Axes
  4598 | D:6      | Found Tasoanai's Antique Weapon Shop.
  4614 | D:6      | Found Ylaider's Armour Shoppe.
  4772 | D:6      | You fall through a shaft for 2 floors!
  4815 | D:8      | Reached skill level 9 in Axes
  4878 | D:8      | Reached skill level 10 in Axes
  4997 | D:8      | Reached XP level 9. HP: 54/70 MP: 8/8
  5042 | D:8      | Reached skill level 11 in Axes
  5160 | D:8      | Noticed Grum
  5203 | D:7      | Reached skill level 12 in Axes
  5493 | D:7      | Found a staircase to the Ecumenical Temple.
  5564 | Temple   | Entered the Ecumenical Temple
  5673 | Temple   | Became a worshipper of Warmaster Okawaru
  5902 | D:7      | Reached skill level 13 in Axes
  6383 | D:6      | Found Zuclijun's Weapon Shop.
  6459 | D:6      | Found Viegra's Distillery.
  6955 | D:8      | Noticed Maurice
  6974 | D:8      | Killed Maurice
  6974 | D:8      | Reached * piety under Okawaru
  6974 | D:8      | Reached skill level 14 in Axes
  6974 | D:8      | Reached XP level 10. HP: 49/77 MP: 9/9
  7220 | D:8      | Killed Grum
  7238 | D:8      | Found Ucunwac's Distillery.
  7243 | D:8      | Bought a potion of heal wounds for 65 gold pieces
  7243 | D:8      | Bought a potion of curing for 39 gold pieces
  7502 | D:8      | Found a staircase to the Lair.
  7727 | Lair:1   | Entered Level 1 of the Lair of Beasts
  7750 | Lair:1   | Reached ** piety under Okawaru
  7750 | Lair:1   | Reached skill level 15 in Axes
  7757 | Lair:1   | Reached skill level 1 in Invocations
  7757 | Lair:1   | Reached skill level 1 in Evocations
  7863 | Lair:1   | Reached *** piety under Okawaru
  8093 | Lair:1   | Reached skill level 5 in Fighting
  8093 | Lair:1   | Reached skill level 5 in Armour
  8719 | Lair:1   | You fall through a shaft!
  8719 | Lair:2   | Noticed a spiny frog
  8731 | Lair:2   | Killed a spiny frog
  8731 | Lair:2   | Reached XP level 11. HP: 65/88 MP: 12/12
  8770 | Lair:2   | Reached **** piety under Okawaru
  9107 | Lair:2   | Reached ***** piety under Okawaru
  9125 | Lair:2   | Found a staircase to the Swamp.
  9141 | Lair:2   | Noticed a seven-headed hydra
  9150 | Lair:2   | Killed an 11-headed hydra
  9150 | Lair:2   | Received a gift from Okawaru
 10080 | Lair:3   | Reached skill level 5 in Invocations
 10383 | Lair:3   | Found a staircase to the Snake Pit.
 10385 | Lair:3   | Reached skill level 5 in Evocations
 10448 | Lair:3   | Noticed a four-headed hydra
 10458 | Lair:3   | Killed a nine-headed hydra
 10512 | Lair:3   | Reached XP level 12. HP: 60/102 MP: 15/15
 10634 | Lair:3   | Noticed a dire elephant
 10654 | Lair:3   | Killed a dire elephant
 10658 | Lair:3   | HP: 5/156 [elephant (5)]
 10661 | Lair:3   | HP: 1/156 [elephant (5)]
 10661 | Lair:3   | Mangled by an elephant

Vault maps used:
D:1:      eino_arrival_water_cross
D:2:      uniq_robin, uniq_jessica
D:3:      grunt_temple_overflow_open, uniq_terence
D:4:      old_standard_altar, serial_shops, nicolae_shop_window_shopping
D:5:      first_bread, minmay_statues_item, uniq_ijyb
D:6:      serial_shops, kennysheep_mini_moat, shop, shop, shop,
          nicolae_shop_statue_plus
D:7:      temple_statues
D:8:      david_lair_generic, serial_shops, nicolae_shop_crystal, uniq_grum,
          uniq_maurice
Temple:   regret_index_temple_generic_petals
Lair:1:   grunt_megastairs_2
Lair:2:   swamp_mist_pool, grunt_megastairs_4, serial_bayou_shore_a
Lair:3:   mu_elephants_graveyard, minmay_snake_entry_spellcaster, minivault_29,
          uniq_urug

Skill      XL: |  1  2  3  4  5  6  7  8  9 10 11 12 |
---------------+-------------------------------------+-----
Maces & Flails | 3 4 5 6 7 9 |  9.1
Axes           | 1 6 10 14 15 | 15.3
Fighting       | 5 8 9 |  9.0
Armour         | 5 8 9 |  9.0
Invocations    | 3 5 6 |  6.0
Evocations     | 2 5 6 |  6.0
Shields        | |  3.6

Action                   |  1- 3 |  4- 6 |  7- 9 | 10-12 || total
-------------------------+-------+-------+-------+-------++-------
Melee: Flail             |   102 |   148 |       |       ||   250
       Headbutt          |    13 |    32 |    42 |    73 ||   160
       War axe           |       |     5 |   210 |   230 ||   445
Evoke: Wand              |       |       |       |     5 ||     5
  Use: Scroll            |     4 |     1 |     7 |     2 ||    14
       Potion            |       |       |     3 |     3 ||     6
 Stab: Petrified         |       |       |     4 |       ||     4
  Eat: Chunk             |     2 |     6 |    13 |    11 ||    32
Armor: Scale mail        |    53 |    60 |       |       ||   113
       Chain mail        |       |    19 |   109 |   126 ||   254
       Skin              |       |       |       |    29 ||    29
Dodge: Dodged            |    46 |    68 |    79 |    75 ||   268

Table legend:
 A = Spawn XP
 B = Non-spawn XP
 C = Spawn XP percentage of total XP
 D = Spawn monster count
 E = Non-spawn monster count
 F = Spawn count percentage of total count
 G = Total turns spent on level
                    A         B        C        D         E        F      G
               +---------+---------+-------+---------+---------+-------+---------
         Total |       0 |   25642 |   0.0 |       0 |     287 |   0.0 | 10661
               +---------+---------+-------+---------+---------+-------+---------
           D:1 |       0 |      43 |   0.0 |       0 |      23 |   0.0 |   929
           D:2 |       0 |     171 |   0.0 |       0 |      41 |   0.0 |  1020
           D:3 |       0 |     334 |   0.0 |       0 |      46 |   0.0 |  1141
           D:4 |       0 |     338 |   0.0 |       0 |      17 |   0.0 |   694
           D:5 |       0 |     817 |   0.0 |       0 |      26 |   0.0 |   521
           D:6 |       0 |     389 |   0.0 |       0 |      14 |   0.0 |  1125
           D:7 |       0 |    1695 |   0.0 |       0 |      25 |   0.0 |   975
           D:8 |       0 |    2988 |   0.0 |       0 |      29 |   0.0 |  1181
        Lair:1 |       0 |    4231 |   0.0 |       0 |      19 |   0.0 |  1048
        Lair:2 |       0 |    4704 |   0.0 |       0 |      18 |   0.0 |  1177
        Lair:3 |       0 |    9932 |   0.0 |       0 |      29 |   0.0 |   709
               +---------+---------+-------+---------+---------+-------+---------
